 Dungeon Crawl Stone Soup version 0.22-a0-362-g535178c (webtiles) character file.

63 sankara the Digger (level 4, -4/24 HPs)
             Began as a Gargoyle Earth Elementalist on Apr 20, 2018.
             Slain by Sigmund
             ... wielding a +1 scythe of venom
              (7 damage)
             ... on level 2 of the Dungeon.
             The game lasted 00:04:27 (1122 turns).

sankara the Digger (Gargoyle Earth Elementalist)    Turns: 1122, Time: 00:04:28

Health: -4/24      AC:  5    Str: 12    XL:     4   Next: 10%
Magic:  8/8        EV: 12    Int: 16    God:
Gold:   24         SH:  0    Dex: 10    Spells: 6/9 levels left

rFire    . . .     SeeInvis .   a - +1 dagger (drain)
rCold    . . .     Gourm    .   (no shield)
rNeg     + . .     Faith    .   c - +0 robe
rPois    ∞         Spirit   .   (no helmet)
rElec    +         Reflect  .   (no cloak)
rCorr    .         Harm     .   (no gloves)
MR       .....                  (no boots)
Stlth    ++........             (no amulet)
HPRegen  0.08/turn              (no ring)
MPRegen  0.11/turn              (no ring)

@: no status effects
A: negative energy resistance 1, electricity resistance, unbreathing,
petrification resistance, rot immunity, AC +3
a: no special abilities


You were on level 2 of the Dungeon.
You were not hungry.

You visited 1 branch of the dungeon, and saw 2 of its levels.

You collected 24 gold pieces.

Inventory:

Hand Weapons
 a - a +1 dagger of draining (weapon)
   (You took it off a goblin on level 1 of the Dungeon)
Missiles
 b - 51 stones (quivered)
Armour
 c - a +0 robe (worn)
Scrolls
 e - 4 scrolls of teleportation {unknown}
Potions
 f - a potion of resistance {unknown}
Comestibles
 d - 5 rations
 g - a chunk of flesh {@w0}


   Skills:
 - Level 1.6 Dodging
 - Level 2.2 Stealth
 + Level 3.1 Spellcasting
 - Level 0.7 Transmutations
 + Level 4.8 Earth Magic


You had 6 spell levels left.
You knew the following spells:

 Your Spells              Type           Power        Failure   Level  Hunger
a - Sandblast             Erth           ###...       2%          1    #......
b - Passwall              Tmut/Erth      ##........   9%          2    ##.....


Dungeon Overview and Level Annotations

Branches:
Dungeon (2/15)

Altars:

Annotations:
D:2 Sigmund


Innate Abilities, Weirdness & Mutations

You are resistant to torment.
Your stone body is resilient. (AC +3)
You are immune to poison.
You resist negative energy. (rN+)
You are resistant to electric shocks. (rElec)
You can survive without breathing.
You are immune to petrification.
You are immune to rotting.


Message History

b - 26 stones (gained 1)
b - 51 stones (gained 25)
You see here a hunting sling.
A rat comes into view.
The rat closely misses you.
You hit the rat.
The rat is severely wounded.
The rat bites you but does no damage.
You hit the rat.
You kill the rat!
You see here 14 bolts.
Found a stone staircase leading down.
d - 5 rations (gained 1)
You see here a leather armour.
A frilled lizard and an adder come into view.
Marking area around Natasha as unsafe for travelling.
Natasha, Servant of Life and Death comes into view.
The frilled lizard hisses angrily.
The adder hisses angrily.
A rat comes into view.
You closely miss the adder. The adder bites you.
You barely miss the adder. The adder bites you.
You hit the adder. You drain the adder!
The adder is heavily wounded.
The adder barely misses you. The adder misses you.
You hit the adder.
The adder is almost dead.
The adder bites you.
You hit the adder.
You kill the adder!
You hit the frilled lizard.
You kill the frilled lizard!
You see here a frilled lizard corpse.
You butcher the frilled lizard corpse.
g - 2 chunks of flesh {@w0} (gained 1)
You start resting.
Some of the chunks of flesh in your inventory have rotted away.
Eating a chunk of flesh {@w0}.
You eat the chunk of flesh {@w0}.
This raw flesh tastes terrible.
HP restored.
Natasha barely misses you.
You hit Natasha.
Natasha is lightly wounded.
Natasha closely misses you.
You hit Natasha. You drain Natasha!
Natasha is severely wounded.
Natasha claws you.
You hit Natasha. You drain Natasha!
Natasha is almost dead.
Natasha stares at you and mumbles some strange words.
The magic dart hits you!
You hit Natasha.
You kill Natasha!
Natasha growls in agony!
Your Spellcasting skill increases to level 3!
You have reached level 4!
You feel stronger.
You see here the felid corpse of Natasha.
You butcher the felid corpse of Natasha.
g - a chunk of flesh {@w0} You start resting.
Sigmund the Dreaded comes into view.
He is wielding a scythe of venom.
The rat bites you.
Sigmund shouts!
You hit the rat.
The rat is heavily wounded.
The rat bites you but does no damage.
You hit the rat.
You kill the rat!
Sigmund casts a spell at you.
You are confused.
You see here a rat corpse.
You closely miss Sigmund.
Sigmund hits you with a scythe of venom.
You bump into the rock wall.
You hit Sigmund.
Sigmund is lightly wounded.
Sigmund hits you with a scythe of venom.
You hit Sigmund. You drain Sigmund!
Sigmund is moderately wounded.
Sigmund barely misses you.
You're too confused to move!
You feel less confused.
You hit Sigmund.
Sigmund is moderately wounded.
Sigmund hits you but does no damage.
You closely miss Sigmund.
Sigmund is moderately wounded.
Sigmund hits you with a scythe of venom.
You hit Sigmund.
Sigmund is heavily wounded.
You completely miss Sigmund.
Sigmund is heavily wounded.
Sigmund misses you.
You barely miss Sigmund.
Sigmund is heavily wounded.
Sigmund gestures at you while chanting. The magic dart hits you!
* * * LOW HITPOINT WARNING * * *
Sigmund hits you from afar with a scythe of venom!
You die...

............>#
#####.#####[.#####
#.# #......# #.#
##.###.# #.# #.#
#.# #.. #.# #.#
#.. #.# #.# ###.#
#.# ...# #@# #
#.###†# #.#...#@#
#.#.#.#.#
#.......#
###..####.###
#.@....r.....
#....####.###
#'####.####.#


You could see Sigmund.

Vanquished Creatures
  Natasha (D:2)
  2 adders (D:2)
  A leopard gecko (D:1)
  A giant cockroach (D:1)
  3 goblins
  4 hobgoblins (D:1)
  5 frilled lizards
  2 kobolds
  3 rats
22 creatures vanquished.

Notes
Turn   | Place    | Note
-------+----------+-------------------------------------------
     0 | D:1      | sankara the Gargoyle Earth Elementalist began the quest for the Orb.
     0 | D:1      | Reached XP level 1. HP: 10/10 MP: 3/3
   353 | D:1      | Reached XP level 2. HP: 15/15 MP: 0/5
   411 | D:1      | Reached skill level 4 in Earth Magic
   735 | D:2      | Learned a level 2 spell: Passwall
   764 | D:2      | Reached XP level 3. HP: 15/19 MP: 2/6
   901 | D:2      | Noticed Natasha
  1028 | D:2      | Killed Natasha
  1028 | D:2      | Reached skill level 3 in Spellcasting
  1028 | D:2      | Reached XP level 4. HP: 18/24 MP: 8/8
  1098 | D:2      | Noticed Sigmund
  1121 | D:2      | HP: 3/24 [Sigmund/magic dart (8)]
  1122 | D:2      | Slain by Sigmund

Vault maps used:
D:1:      saegor_arrival_under_anarchy, minmay_misc_feat_plants
D:2:      kennysheep_generic_room_6, uniq_sigmund, uniq_natasha

Skill      XL: |  1  2  3 |
---------------+----------+-----
Earth Magic    | 4 |  4.8
Spellcasting   | 3 |  3.1
Dodging        | |  1.6
Stealth        | |  2.2
Transmutations | |  0.7

Action                   |  1- 3 |  4- 6 || total
-------------------------+-------+-------++-------
Melee: Dagger            |    36 |    10 ||    46
 Cast: Sandblast         |    17 |       ||    17
 Stab: Sleeping          |     1 |       ||     1
  Eat: Chunk             |     1 |       ||     1
Armor: Robe              |    11 |     1 ||    12
Dodge: Dodged            |    16 |     2 ||    18

Table legend:
 A = Spawn XP
 B = Non-spawn XP
 C = Spawn XP percentage of total XP
 D = Spawn monster count
 E = Non-spawn monster count
 F = Spawn count percentage of total count
 G = Total turns spent on level
                    A         B        C        D         E        F      G
               +---------+---------+-------+---------+---------+-------+---------
         Total |       0 |      91 |   0.0 |       0 |      22 |   0.0 |  1122
               +---------+---------+-------+---------+---------+-------+---------
           D:1 |       0 |      23 |   0.0 |       0 |      14 |   0.0 |   731
           D:2 |       0 |      68 |   0.0 |       0 |       8 |   0.0 |   391
               +---------+---------+-------+---------+---------+-------+---------

Vault maps used:
D:1:      saegor_arrival_under_anarchy, minmay_misc_feat_plants
D:2:      kennysheep_generic_room_6, uniq_sigmund, uniq_natasha

Table legend:
 A = Turns spent in this place as a percentage of turns spent in the entire game.
 B = Non-inter-level travel turns spent in this place as a percentage of non-inter-level travel turns spent in the entire game.
 C = Inter-level travel turns spent in this place as a percentage of turns spent in this place.
 D = Turns resting spent in this place as a percentage of non-inter-level travel turns spent in this place.
 E = Turns spent auto-exploring this place as a percentage of non-inter-level travel turns spent in this place.
 F = Non-inter-level travel turns spent in this place divided by the number of levels of this place that you've seen.
                   A       B       C       D       E      F
               +-------+-------+-------+-------+-------+----------------------
         Total | 100.0 | 100.0 |   1.2 |  38.1 |  29.8 | 554.5
       Dungeon | 100.0 | 100.0 |   1.2 |  38.1 |  29.8 | 554.5
               +-------+-------+-------+-------+-------+----------------------

Table legend:
 A = Kills in this place as a percentage of kills in entire the game.
 B = Kills by you in this place as a percentage of kills by you in the entire game.
 C = Kills by friends in this place as a percentage of kills by friends in the entire game.
 D = Other kills in this place as a percentage of other kills in the entire game.
 E = Experience gained in this place as a percentage of experience gained in the entire game.
 F = Experience gained in this place divided by the number of levels of this place that you have seen.
                   A       B       C       D       E      F
               +-------+-------+-------+-------+-------+----------------------
         Total | 100.0 | 100.0 |   N/A |   N/A | 100.0 |  45.5
       Dungeon | 100.0 | 100.0 |   N/A |   N/A | 100.0 |  45.5
               +-------+-------+-------+-------+-------+----------------------
